 Dungeon Crawl Stone Soup version 0.26-a0-708-g17f3b190f9 (webtiles) character file.

Game seed: 17604991879381863772

59979 mattiecakes the Fighter (level 14, -8/133 HPs)
             Began as a Palentonga Abyssal Knight on Oct 29, 2020.
             Was the Champion of Lugonu.
             Mangled by an orc warrior
             ... wielding a cursed +0 halberd
             ... led by an orc knight
              (31 damage)
             ... on level 1 of the Orcish Mines.
             The game lasted 00:54:47 (20997 turns).

mattiecakes the Fighter (PaAK)                     Turns: 20997, Time: 00:54:48

Health: -8/133     AC: 29    Str: 20    XL:     14   Next: 55%
Magic:  21/21      EV:  7    Int: 12    God:    Lugonu [******]
Gold:   890        SH: 12    Dex: 11    Spells: 13/13 levels left

rFire    + . .     SeeInvis +   a - +5 war axe (distort)
rCold    + . .     Faith    .   c - +2 kite shield
rNeg     . . .     Spirit   .   L - +3 plate armour
rPois    +         Reflect  .   n - +0 helmet
rElec    .         Harm     .   C - +1 cloak {rPois}
rCorr    .         Rampage  .   r - +2 pair of gloves
MR       +....                  (no barding)
Stlth    ..........             B - amulet of regeneration
HPRegen  0.72/turn              f - ring of protection from cold
MPRegen  0.17/turn              g - ring of protection from fire

@: lethally poisoned (-8 -> -8), about to teleport, drained
A: large, rugged brown scales 3, see invisible, deformed body, roll, armoured
tail, reflexive curl
a: Rolling Charge, Depart the Abyss, Bend Space, Banish, Corrupt, Enter the
Abyss, Renounce Religion


You were on level 1 of the Orcish Mines.
You worshipped Lugonu.
Lugonu was exalted by your worship.
You visited 3 branches of the dungeon, and saw 18 of its levels.
You visited the Abyss 1 time.

You collected 1104 gold pieces.
You spent 214 gold pieces at shops.

Inventory:

Hand Weapons
 a - a +5 war axe of distortion (weapon)
 b - a +0 hand axe of flaming
Armour
 c - a +2 kite shield (worn)
 n - a +0 helmet (worn)
 r - a +2 pair of gloves (worn)
 C - a +1 cloak of poison resistance (worn)
 L - a +3 plate armour (worn)
Jewellery
 f - a ring of protection from cold (left hand)
 g - a ring of protection from fire (right hand)
 y - an uncursed ring of protection from cold
 B - an amulet of regeneration (around neck)
 M - an uncursed amulet of guardian spirit
Wands
 i - a wand of iceblast (6)
 q - a wand of flame (46)
 w - a wand of polymorph (10)
 x - a wand of random effects (6)
 E - a wand of acid (9)
Scrolls
 d - 3 scrolls of magic mapping
 h - 4 scrolls of teleportation
 m - a scroll of identify
 p - 6 scrolls of amnesia
 s - 4 scrolls of fog
 t - 9 scrolls of remove curse
 G - a scroll of enchant weapon
 H - 2 scrolls of vulnerability
 J - a scroll of enchant armour
Potions
 e - a potion of magic
 j - 6 potions of ambrosia {unknown}
 l - 4 potions of flight
 o - 2 potions of might
 u - 4 potions of stabbing
 v - a potion of invisibility {unknown}
 z - a potion of lignification {unknown}
 A - 4 potions of degeneration {unknown}
 D - 5 potions of curing
 F - 2 potions of brilliance
 K - a potion of mutation {unknown}
 N - 2 potions of resistance {unknown}


   Skills:
 + Level 11.6(10.6) Fighting
 + Level 11.5(10.5) Axes
 + Level 9.7(8.8) Armour
 + Level 9.6(8.6) Dodging
 + Level 8.1(7.2) Shields
 - Level 10.3(9.3) Invocations


You had 13 spell levels left.
You didn't know any spells.
Your spell library contained the following spells:

 Spells                   Type           Power        Failure   Level
 Animate Skeleton         Necr           #.....       100%        1
 Apportation              Tloc           #.....       100%        1
 Corona                   Hex            #......      100%        1
 Magic Dart               Conj           #...         100%        1
 Pain                     Necr           #...         100%        1
 Sandblast                Erth           #.....       100%        1
 Summon Small Mammal      Summ           #...         100%        1
 Blink                    Tloc           N/A          100%        2
 Call Imp                 Summ           #.......     100%        2
 Passwall                 Tmut/Erth      #.......     100%        2
 Searing Ray              Conj           #.....       100%        2
 Slow                     Hex            #.......     100%        2
 Conjure Flame            Conj/Fire      #.......     100%        3
 Dazzling Flash           Conj/Hex       #.....       100%        3
 Lesser Beckoning         Tloc           #.........   100%        3
 Mephitic Cloud           Conj/Pois/Air  #.......     100%        3
 Stone Arrow              Conj/Erth      #.....       100%        3
 Tukima's Dance           Hex            #.......     100%        3
 Vampiric Draining        Necr           #.........   100%        3
 Animate Dead             Necr           #.........   100%        4
 Fulminant Prism          Conj/Hex       #.........   100%        4
 Iskenderun's Mystic Bla  Conj/Tloc      #.......     100%        4
 Petrify                  Tmut/Erth      #.......     100%        4
 Agony                    Necr           #.......     100%        5
 Alistair's Intoxication  Tmut/Pois      #........    100%        5
 Lee's Rapid Deconstruct  Erth           #.........   100%        5
 Invisibility             Hex            #.......     100%        6


Dungeon Overview and Level Annotations

Branches:
Dungeon (11/15)            Temple (0/1) D:4            Lair (6/6) D:11
  Swamp (0/4) Lair:4       Spider (0/4) Lair:4        Slime (0/5) Lair:6
    Orc (1/2) D:9

Altars:
Kikubaaqudgha
Ru
Vehumet
Xom

Shops:
D:7 [:*[   D:9 [

Annotations:
Lair:2 exclusion: oklob plant


Innate Abilities, Weirdness & Mutations

You are completely covered in rugged brown scales. (AC +3, +7% HP)
You have supernaturally acute eyesight. (SInv)
Armour fits poorly on your strangely shaped body.
You can roll at foes to attack.
You have a long armoured tail.
You curl defensively after being hit.


Message History

Unknown command.
Press: ? - help, Shift-Dir - straight line, f - orc sorcerer
Aim: an orc sorcerer, wielding a +0 dagger and wearing a +1 robe of magic resistance (strong, chance to defeat MR: 39%)
Okay, then.
Unknown command.
Unknown command.
Okay, then.
Unknown command.
Okay, then.
Unknown command.
As you read the scroll of teleportation, it crumbles to dust.
You feel strangely unstable. You block the orc sorcerer's attack.
Unknown command.
Unknown command.
Unknown command.
Unknown command.
As you read the scroll of fog, it crumbles to dust.
The scroll dissolves into smoke.
You feel sick.
The orc warrior hits you from afar with a cursed +0 halberd!!
You die...

..............# #. ###.. ..#..#
.....#.......## ##.... .#.....
......##.##.### #..... .......
..##.##...####.## #.... ....#..
.....##...## ... ##..4. ......
......#....###.## #...o.#....#
#.........###.§§####....[.#o.. ..
#....##.....#.§§§##....T)4#T#....
##.#.###......§§@#......).T...o..
##... ####...§o##....o...3o##..T
##.## #....oo(o3o........# ###
##.........3........
#...........o........
##......>.............
###..........#........
#....................#
##.........##...


You could see 2 orc sorcerers and an orc warrior (strong).

Vanquished Creatures
  A dire elephant (Lair:6)
  6 hydras
  An anaconda (Lair:6)
  2 two-headed ogres (D:8)
  3 death yaks (Lair:5)
  An unseen horror (D:11)
  An orc knight (Orc:1)
  An ugly thing (D:10)
  2 orc sorcerers
  4 slime creatures (D:11)
  19 elephants
  2 black mambas
  A manticore (D:11)
  Maurice (D:10)
  2 gargoyles
  16 cane toads
  5 komodo dragons
  4 rime drakes
  A queen bee (Lair:3)
  A troll (Orc:1)
  4 jumping spiders (Lair:4)
  7 polar bears
  15 blink frogs
  A bog body (Lair:4)
  Sigmund (D:2)
  4 redbacks (Lair:4)
  A wraith (D:10)
  4 wyverns
  A human (D:9)
  24 yaks
  3 basilisks
  4 wargs
  20 water moccasins
  3 black bears
  2 sky beasts
  4 ice beasts
  2 eyes of draining
  13 orc warriors
  6 ogres
  2 phantoms
  14 centaurs
  Blork the orc (D:4)
  15 bullfrogs
  10 scorpions
  26 killer bees
  4 wights (D:6)
  6 howler monkeys
  4 crimson imps (D:3)
  2 bullfrog zombies
  2 quasits
  3 hounds
  A jelly (D:10)
  11 orc priests
  3 bullfrog skeletons
  3 iguanas
  Natasha (twice) (D:2)
  18 orc wizards
  7 worker ants
  A killer bee zombie (D:7)
  A hound skeleton (D:10)
  Robin (D:4)
  4 gnolls (D:3)
  A howler monkey skeleton (D:8)
  10 adders
  A shadow imp (D:6)
  2 white imps
  3 ufetubi
  An ooze (D:4)
  2 worms
  A dart slug (D:1)
  6 leopard geckos
  63 orcs
  20 bats
  6 giant cockroaches
  22 goblins
  5 hobgoblins
  27 jackals
  6 kobolds
  2 quokkas (D:3)
  A ball python (D:2)
  A ball python skeleton (D:4)
  5 frilled lizards
  A quokka skeleton (D:7)
  6 rats
526 creatures vanquished.

Vanquished Creatures (others)
  A shadow (D:11)
  A human (D:2)
  An orc wizard (Orc:1)
  2 orcs (Orc:1)
  31 fungi
  34 plants
70 creatures vanquished.

Grand Total: 596 creatures vanquished

Notes
Turn   | Place    | Note
-------+----------+-------------------------------------------
     0 | Abyss:1  | mattiecakes the Palentonga Abyssal Knight began the quest
                  | for the Orb.
     0 | Abyss:1  | Reached XP level 1. HP: 20/20 MP: 2/2
    62 | Abyss:1  | Noticed a small abomination
    69 | Abyss:1  | Noticed a wretched star
    78 | Abyss:1  | Noticed a neqoxec
    79 | D:1      | Escaped the Abyss
   122 | D:1      | Reached * piety under Lugonu
   458 | D:1      | Reached XP level 2. HP: 23/27 MP: 3/3
   800 | D:1      | Reached skill level 1 in Dodging
   910 | D:1      | Reached XP level 3. HP: 25/33 MP: 4/4
  1417 | D:2      | Noticed Natasha
  1428 | D:2      | Killed Natasha
  1554 | D:2      | Reached XP level 4. HP: 40/40 MP: 5/5
  1754 | D:2      | Found an ancient bone altar of Kikubaaqudgha.
  1755 | D:2      | Noticed a human
  1758 | D:2      | Killed a human
  1923 | D:2      | Reached ** piety under Lugonu
  1942 | D:2      | Noticed Sigmund
  1942 | D:2      | Noticed Natasha
  2166 | D:3      | Found a shimmering altar of Xom.
  2394 | D:3      | Reached XP level 5. HP: 27/49 MP: 5/7
  2846 | D:3      | Reached XP level 6. HP: 42/55 MP: 8/8
  3128 | D:3      | You fall into a shaft and drop 1 floor!
  3645 | D:2      | Killed Sigmund
  3645 | D:2      | Gained mutation: You curl defensively after being hit.
                  | [Palentonga growth]
  3645 | D:2      | Reached XP level 7. HP: 56/64 MP: 9/9
  3648 | D:2      | Killed Natasha
  4351 | D:4      | Found a staircase to the Ecumenical Temple.
  4397 | D:4      | You fall into a shaft and drop 1 floor!
  4397 | D:5      | Entered Level 5 of the Dungeon
  4839 | D:5      | Reached skill level 5 in Fighting
  5063 | D:5      | Reached XP level 8. HP: 56/72 MP: 11/11
  5142 | D:5      | Found a sacrificial altar of Ru.
  5442 | D:5      | Reached *** piety under Lugonu
  5623 | D:5      | You fall into a shaft and drop 1 floor!
  5692 | D:6      | Reached skill level 5 in Axes
  5798 | D:6      | Reached skill level 5 in Invocations
  6033 | D:4      | Noticed Robin
  6042 | D:4      | Killed Robin
  6109 | D:4      | Noticed Blork the orc
  6116 | D:4      | Killed Blork the orc
  6474 | D:6      | Reached **** piety under Lugonu
  6955 | D:6      | Reached XP level 9. HP: 80/80 MP: 13/13
  7311 | D:7      | Found Enionwuor's Book Shop.
  7527 | D:7      | Reached skill level 5 in Armour
  7885 | D:7      | Found Foifug's General Store.
  7931 | D:7      | Bought a +1 cloak of poison resistance for 175 gold pieces
  7931 | D:7      | Bought a potion of curing for 39 gold pieces
  7947 | D:7      | Found Wycrou Xouh's Antique Armour Emporium.
  8176 | D:7      | Found Iciacwai's Antique Armour Boutique.
  8275 | D:8      | Reached skill level 1 in Shields
  8365 | D:8      | Reached skill level 5 in Dodging
  8406 | D:8      | Reached XP level 10. HP: 19/92 MP: 15/15
  8727 | D:8      | Noticed a two-headed ogre
  8728 | D:8      | Noticed a two-headed ogre
  8770 | D:8      | Killed a two-headed ogre
  8775 | D:8      | Killed a two-headed ogre
  9384 | D:9      | Reached ***** piety under Lugonu
  9518 | D:9      | Found a staircase to the Orcish Mines.
  9804 | D:9      | Found a radiant altar of Vehumet.
  9877 | D:9      | Found Qynowud's Armour Shoppe.
 10151 | D:10     | Entered Level 10 of the Dungeon
 10275 | D:10     | Noticed Maurice
 10277 | D:10     | Noticed a gargoyle
 10301 | D:10     | Killed a gargoyle
 10312 | D:10     | Killed Maurice
 10392 | D:10     | Noticed an eight-headed hydra
 10705 | D:10     | Killed a one-headed hydra
 10705 | D:10     | Reached XP level 11. HP: 38/100 MP: 17/17
 11265 | D:11     | Noticed a cyan ugly thing
 11304 | D:10     | Killed a cyan ugly thing
 11481 | D:11     | HP: 1/101 [orc warrior/+0 mace (11)]
 11956 | D:11     | Found a staircase to the Lair.
 11964 | D:11     | Noticed an unseen horror
 12009 | D:11     | Killed an unseen horror
 12474 | Lair:1   | Entered Level 1 of the Lair of Beasts
 12476 | Lair:1   | Noticed a six-headed hydra
 12594 | Lair:1   | Killed a one-headed hydra
 12804 | Lair:1   | Reached ****** piety under Lugonu
 12807 | Lair:1   | Reached XP level 12. HP: 85/111 MP: 18/18
 12998 | Lair:1   | Reached skill level 5 in Shields
 15465 | Lair:3   | Reached skill level 10 in Invocations
 15964 | Lair:3   | Reached skill level 10 in Fighting
 16262 | Lair:4   | Found a staircase to the Swamp.
 16388 | Lair:4   | Reached XP level 13. HP: 116/120 MP: 20/20
 16436 | Lair:4   | Found a hole to the Spider Nest.
 16977 | Lair:4   | Reached skill level 10 in Axes
 17972 | Lair:5   | Identified a +5 war axe of distortion (a +3 vorpal war axe
                  | corrupted by Lugonu)
 17972 | Lair:5   | Received a gift from Lugonu
 18173 | Lair:5   | HP: 6/121 [boulder beetle (40)]
 19035 | Lair:6   | Entered Level 6 of the Lair of Beasts
 19035 | Lair:6   | Found a staircase to the Slime Pits.
 19476 | Lair:6   | Reached XP level 14. HP: 123/132 MP: 21/21
 20286 | Lair:6   | Got an encrusted ring mail
 20287 | Lair:6   | Identified the cursed +1 ring mail "Ydiwuxas" {rN+ MR+
                  | Int+6 Dex-2} (You found it on level 6 of the Lair of
                  | Beasts)
 20762 | Orc:1    | Entered Level 1 of the Orcish Mines
 20812 | Orc:1    | Paralysed by an orc sorcerer for 7 turns
 20997 | Orc:1    | Mangled by an orc warrior

Illustrated notes

Levels and vault maps discovered:
D:1:      lemuel_arrival_tunnels, layout_basic, serial_corexii_hall,
          corexii_hall_statues_i, chequers_hall_statues_y, minmay_tripent
D:2:      layout_loops_ring, tgw_kikubaaqudgha, uniq_natasha, uniq_sigmund
D:3:      layout_loops_ring, led_xom_imps
D:4:      kennysheep_goblin_castle, layout_basic, minmay_temple_entry_poolview,
          uniq_robin, uniq_blork_the_orc
D:5:      layout_basic, basic_altar
D:6:      old_forge, layout_basic
D:7:      layout_rooms, serial_shops, shop, shop, shop, shop, chequers_arboretum
D:8:      layout_gridville, corexii_leaking_fountain
D:9:      layout_basic, vehumet_altar_wand_db, erik_orc_4, serial_shops,
          nicolae_shop_behind_doors
D:10:     layout_rooms, uniq_maurice
D:11:     layout_rooms, erik_lair_orcish_takeover, nicolae_wwwww,
          corexii_corridor_pit
Lair:1:   layout_layer_cave
Lair:2:   layout_roguey, small_statue_intersection, serial_bayou_shore_a,
          minmay_lair_oklob_chamber
Lair:3:   layout_gridlike, special_room [special_room_bee]
Lair:4:   layout_regular_city, skrybe_swamp_entry_bodies,
          nicolae_spider_entry_tight_spaces, grunt_megastairs_3
Lair:5:   layout_cave_pods, grunt_megastairs_2, infiniplex_staircase_pool_2
Lair:6:   due_jungle_book, layout_big_grid, slime_dummy,
          chequers_serial_rivers_micro_c, chequers_serial_rivers_room_a
Orc:1:    layout_caves, basic_altar, serial_shops, shop, hangedman_minor_magic

Skill      XL: |  1  2  3  4  5  6  7  8  9 10 11 12 13 14 |
---------------+-------------------------------------------+-----
Dodging        | 1 2 3 4 5 6 7 9 |  9.6
Armour         | 2 3 4 5 6 7 8 9 |  9.7
Axes           | 3 4 5 6 7 8 9 10 11 | 11.5
Invocations    | 3 4 5 7 8 9 10 | 10.3
Fighting       | 4 5 6 7 8 9 10 11 | 11.6
Shields        | 1 3 4 6 7 8 |  8.1

Action                   |  1- 3 |  4- 6 |  7- 9 | 10-12 | 13-15 || total
-------------------------+-------+-------+-------+-------+-------++-------
Melee: Hand axe          |    96 |    63 |       |    23 |    40 ||   222
       Tailslap          |    10 |    20 |    36 |   107 |    93 ||   266
       War axe           |       |    85 |   396 |   851 |   496 ||  1828
Invok: Depart the Abyss  |     1 |       |       |       |       ||     1
       Bend Space        |       |     1 |       |     1 |       ||     2
       Brand Weapon With |       |       |       |       |     1 ||     1
 Abil: Rolling Charge    |       |     1 |       |       |       ||     1
Evoke: Wand              |       |       |     9 |     3 |       ||    12
  Use: Potion            |     3 |       |     3 |     5 |     2 ||    13
       Scroll            |       |     6 |     6 |    15 |    11 ||    38
 Stab: Petrified         |       |       |       |       |     4 ||     4
Armor: Leather armour    |    30 |       |       |       |       ||    30
       Ring mail         |    21 |    89 |       |       |       ||   110
       Chain mail        |       |    10 |     5 |       |       ||    15
       Plate armour      |       |       |   359 |   613 |   312 ||  1284
Dodge: Dodged            |    49 |    93 |   132 |   159 |   133 ||   566
Block: Kite shield       |       |       |    48 |   577 |   324 ||   949

Table legend: (Time is in decaauts)
 A = Elapsed time spent in this place.
 B = Non-inter-level travel time spent in this place.
 C = Inter-level travel time spent in this place.
 D = Time resting spent in this place.
 E = Time spent auto-exploring this place.
 F = Levels seen in this place.
 G = Mean time per level.
                   A        B        C        D        E       F      G
               +--------+--------+--------+--------+--------+-----+--------+
         Total |  21298 |  19601 |   1697 |   4531 |  10881 |  19 | 1120.9 |
       Dungeon |  12940 |  11959 |    981 |   3151 |   6421 |  11 | 1176.4 |
          Lair |   8092 |   7377 |    715 |   1296 |   4432 |   6 | 1348.7 |
  Orcish Mines |    186 |    186 |      0 |     83 |     28 |   1 |  186.0 |
         Abyss |     79 |     79 |      0 |      0 |      0 |   1 |   79.0 |
               +--------+--------+--------+--------+--------+-----+--------+

Top non-repeatable levels by time:
  Lair:1: 1856 daAuts
     D:3: 1734 daAuts
  Lair:5: 1612 daAuts
    D:10: 1350 daAuts
     D:1: 1332 daAuts
     D:4: 1323 daAuts
  Lair:6: 1312 daAuts
  Lair:4: 1279 daAuts
     D:6: 1248 daAuts
     D:5: 1082 daAuts
  Lair:3: 1073 daAuts
     D:8: 1070 daAuts
     D:9: 1033 daAuts
    D:11: 991 daAuts
     D:7: 962 daAuts
